| TOP OF THE 1ST |
|
Trois-Riveres Aigles batting - Pitching for Columbus Reds : RHP Matt Cronin
|
|
Pitching: RHP Matt Cronin
|
|
|
Batting: LHB Jonathan Spino
|
0-0: Called Strike 0-1: Fly out, F7 (Flyball, 7LD, EV 89.4 MPH)
|
|
Batting: RHB Jose Arriola
|
0-0: Ball 1-0: Called Strike 1-1: Called Strike 1-2: Foul Ball, location: 2F 1-2: Foul Ball, location: 2F 1-2: Strikes out looking
|
|
Batting: LHB Darryl Gonnella
|
0-0: SINGLE (Line Drive, 78M, EV 111.3 MPH)
|
|
Batting: RHB Azedine Kirui
|
0-0: Called Strike 0-1: Swinging Strike 0-2: Ball 1-2: Ground out 4-3 (Groundball, 4M, EV 90.6 MPH)
|
| Top of the 1st over - 0 runs, 1 hit, 0 errors, 1 left on base; Trois-Riveres 0 - Columbus 0 |
| BOTTOM OF THE 1ST |
|
Columbus Reds batting - Pitching for Trois-Riveres Aigles : RHP Jaime Astacio
|
|
Pitching: RHP Jaime Astacio
|
|
|
Batting: RHB Nick Miller
|
0-0: Ball 1-0: Ball 2-0: Foul Ball, location: 2F 2-1: SINGLE (Groundball, 6MD, EV 94.4 MPH)
|
|
Batting: RHB R.J. Romberg
|
0-0: Foul Ball, location: 2F 0-1: Ball 1-1: Foul Ball, location: 2F 1-2: Ball 2-2: Foul Ball, location: 2F 2-2: Ball 3-2: Ground out 2-3 (Groundball, 2L, EV 71.3 MPH) Nick Miller to second
|
|
Batting: LHB Keith Egan
|
0-0: Fly out, F9 (Flyball, 9LM, EV 90.0 MPH)
|
|
Batting: RHB Pat McCoy
|
0-0: Ball 1-0: Fly out, F8 (Flyball, 89M, EV 80.0 MPH)
|
| Bottom of the 1st over - 0 runs, 1 hit, 0 errors, 1 left on base; Trois-Riveres 0 - Columbus 0 |
| TOP OF THE 2ND |
|
Trois-Riveres Aigles batting - Pitching for Columbus Reds : RHP Matt Cronin
|
|
Batting: RHB Sesto Carpini
|
0-0: Fly out, F9 (Flyball, 9S, EV 88.1 MPH)
|
|
Batting: LHB Harris Vink
|
0-0: Ball 1-0: SOLO HOME RUN (Flyball, 89XD, EV 110.6 MPH), Distance : 433 ft
|
|
Batting: SHB Joshua Jackson
|
0-0: Foul Ball, location: 2F 0-1: Fly out, F7 (Flyball, 78M, EV 88.1 MPH)
|
|
Batting: RHB Nelle Lommen
|
0-0: Ball 1-0: Ball 2-0: Called Strike 2-1: Foul Ball, location: 2F 2-2: Strikes out swinging
|
| Top of the 2nd over - 1 run, 1 hit, 0 errors, 0 left on base; Trois-Riveres 1 - Columbus 0 |
| BOTTOM OF THE 2ND |
|
Columbus Reds batting - Pitching for Trois-Riveres Aigles : RHP Jaime Astacio
|
|
Batting: LHB Chris Redhead
|
0-0: Called Strike 0-1: Ball 1-1: Fly out, F9 (Flyball, 9, EV 81.9 MPH)
|
|
Batting: RHB Fred Barbour
|
0-0: Called Strike 0-1: Foul Ball, location: 2F 0-2: Ball 1-2: Ball 2-2: DOUBLE (Line Drive, 5D, EV 95.0 MPH)
|
|
Batting: RHB Sang-ton Pak
|
0-0: Called Strike 0-1: Swinging Strike 0-2: Strikes out swinging
|
|
Batting: LHB Tim Kirk
|
0-0: Foul Ball, location: 2F 0-1: Fly out, F6 (Line Drive, 6, EV 70.0 MPH)
|
| Bottom of the 2nd over - 0 runs, 1 hit, 0 errors, 1 left on base; Trois-Riveres 1 - Columbus 0 |
| TOP OF THE 3RD |
|
Trois-Riveres Aigles batting - Pitching for Columbus Reds : RHP Matt Cronin
|
|
Batting: RHB Jason Penfield
|
0-0: Called Strike 0-1: Foul Ball, location: 2F 0-2: Foul Ball, location: 2F 0-2: Fly out, F7 (Flyball, 78S, EV 82.5 MPH)
|
|
Batting: LHB Jonathan Spino
|
0-0: Called Strike 0-1: Reached on error, E6 (Groundball, 6, EV 101.9 MPH)
|
|
Batting: RHB Jose Arriola
|
0-0: Fly out, F4 (Popup, 4M, EV 76.3 MPH)
|
|
Batting: LHB Darryl Gonnella
|
0-0: Ball 1-0: Called Strike 1-1: Foul Ball, location: 2F 1-2: Foul Ball, location: 2F Balk! Jonathan Spino to third 1-2: Strikes out swinging
|
| Top of the 3rd over - 0 runs, 0 hits, 1 error, 1 left on base; Trois-Riveres 1 - Columbus 0 |
| BOTTOM OF THE 3RD |
|
Columbus Reds batting - Pitching for Trois-Riveres Aigles : RHP Jaime Astacio
|
|
Batting: LHB Elijah Benton
|
0-0: Ball 1-0: Ground out 4-3 (Groundball, 34D, EV 85.0 MPH)
|
|
Batting: RHB Nick Miller
|
0-0: Foul Ball, location: 2F 0-1: Called Strike 0-2: Foul Ball, location: 2F 0-2: SINGLE (Groundball, 6MD, EV 103.8 MPH)
|
|
Batting: RHB R.J. Romberg
|
0-0: Ball Nick Miller steals 2nd base 1-0: Ball 2-0: Ball 3-0: Base on Balls
|
|
Batting: LHB Keith Egan
|
0-0: Called Strike R.J. Romberg is caught stealing 2nd base 2-6 Nick Miller steals 3rd base 0-1: Ground out U3 (Groundball, 3L, EV 93.1 MPH)
|
| Bottom of the 3rd over - 0 runs, 1 hit, 0 errors, 1 left on base; Trois-Riveres 1 - Columbus 0 |
| TOP OF THE 4TH |
|
Trois-Riveres Aigles batting - Pitching for Columbus Reds : RHP Matt Cronin
|
|
Batting: RHB Azedine Kirui
|
0-0: Swinging Strike 0-1: Ground out 4-3 (Groundball, 4D, EV 100.0 MPH)
|
|
Batting: RHB Sesto Carpini
|
0-0: Called Strike 0-1: Foul Ball, location: 2F 0-2: Strikes out swinging
|
|
Batting: LHB Harris Vink
|
0-0: Called Strike 0-1: Called Strike 0-2: Ball 1-2: Strikes out swinging
|
| Top of the 4th over - 0 runs, 0 hits, 0 errors, 0 left on base; Trois-Riveres 1 - Columbus 0 |
| BOTTOM OF THE 4TH |
|
Columbus Reds batting - Pitching for Trois-Riveres Aigles : RHP Jaime Astacio
|
|
Batting: RHB Pat McCoy
|
0-0: Swinging Strike 0-1: Foul Ball, location: 2F 0-2: Ball 1-2: Fly out, F8 (Flyball, 8RXD, EV 91.3 MPH)
|
|
Batting: LHB Chris Redhead
|
0-0: Foul Ball, location: 2F 0-1: Ball 1-1: SINGLE (Flyball, 78S, EV 90.6 MPH)
|
|
Batting: RHB Fred Barbour
|
0-0: Ball 1-0: Swinging Strike 1-1: Ball 2-1: Called Strike 2-2: Ball 3-2: Base on Balls Chris Redhead to second
|
|
Batting: RHB Sang-ton Pak
|
0-0: Ball 1-0: Called Strike 1-1: Called Strike 1-2: Ball 2-2: DOUBLE (Groundball, 5L, EV 97.5 MPH) Chris Redhead scores Fred Barbour to third Runner from 3rd tries for Home, throw by LF and OUT! 7-6-2
|
|
Batting: LHB Tim Kirk
|
0-0: Called Strike 0-1: Called Strike 0-2: Ball 1-2: Ball 2-2: Ground out 1-3 (Groundball, 13S, EV 66.3 MPH)
|
| Bottom of the 4th over - 1 run, 2 hits, 0 errors, 1 left on base; Trois-Riveres 1 - Columbus 1 |
| TOP OF THE 5TH |
|
Trois-Riveres Aigles batting - Pitching for Columbus Reds : RHP Matt Cronin
|
|
Batting: SHB Joshua Jackson
|
0-0: Ball 1-0: Called Strike 1-1: Swinging Strike 1-2: Ball 2-2: Ball 3-2: Foul Ball, location: 2F 3-2: Base on Balls
|
|
Batting: RHB Nelle Lommen
|
0-0: Fielders Choice at 2nd, 3-6 (Groundball, 34S, EV 83.1 MPH)
|
|
Batting: RHB Jason Penfield
|
0-0: 2-RUN HOME RUN (Flyball, 7D, EV 106.9 MPH), Distance : 403 ft
|
|
Batting: LHB Jonathan Spino
|
0-0: Swinging Strike 0-1: Called Strike 0-2: SINGLE (Groundball, 34D, EV 101.9 MPH)
|
|
Batting: RHB Jose Arriola
|
0-0: Called Strike 0-1: Ball 1-1: Called Strike Jonathan Spino steals 2nd base 1-2: Ground out 4-3 (Groundball, 4, EV 100.6 MPH) Jonathan Spino to third
|
|
Batting: LHB Darryl Gonnella
|
0-0: Ball 1-0: Called Strike 1-1: Called Strike 1-2: Ball 2-2: Foul Ball, location: 2F 2-2: Strikes out looking
|
| Top of the 5th over - 2 runs, 2 hits, 0 errors, 1 left on base; Trois-Riveres 3 - Columbus 1 |
| BOTTOM OF THE 5TH |
|
Columbus Reds batting - Pitching for Trois-Riveres Aigles : RHP Jaime Astacio
|
|
Batting: LHB Elijah Benton
|
0-0: Swinging Strike 0-1: Swinging Strike 0-2: Ball 1-2: Ball 2-2: Ball 3-2: Foul Ball, location: 2F 3-2: Strikes out swinging
|
|
Batting: RHB Nick Miller
|
0-0: Called Strike 0-1: Called Strike 0-2: Strikes out looking
|
|
Batting: RHB R.J. Romberg
|
0-0: Called Strike 0-1: Fly out, F9 (Flyball, 89M, EV 94.4 MPH)
|
| Bottom of the 5th over - 0 runs, 0 hits, 0 errors, 0 left on base; Trois-Riveres 3 - Columbus 1 |
| TOP OF THE 6TH |
|
Trois-Riveres Aigles batting - Pitching for Columbus Reds : RHP Matt Cronin
|
|
Batting: RHB Azedine Kirui
|
0-0: Foul Ball, location: 2F 0-1: Swinging Strike 0-2: Fly out, F6 (Line Drive, 6, EV 66.9 MPH)
|
|
Batting: RHB Sesto Carpini
|
0-0: SINGLE (Groundball, 13, EV 80.0 MPH) (infield hit)
|
|
Batting: LHB Harris Vink
|
0-0: Called Strike 0-1: Ball 1-1: Called Strike 1-2: Foul Ball, location: 2F 1-2: Ball 2-2: Ball 3-2: Foul Ball, location: 2F 3-2: Fly out, F8 (Flyball, 89S, EV 95.0 MPH)
|
|
Batting: SHB Joshua Jackson
|
0-0: Ball 1-0: Foul Ball, location: 2F 1-1: Ball 2-1: Foul Ball, location: 2F 2-2: Foul Ball, location: 2F 2-2: Ball 3-2: Strikes out swinging
|
| Top of the 6th over - 0 runs, 1 hit, 0 errors, 1 left on base; Trois-Riveres 3 - Columbus 1 |
| BOTTOM OF THE 6TH |
|
Columbus Reds batting - Pitching for Trois-Riveres Aigles : RHP Jaime Astacio
|
|
Batting: LHB Keith Egan
|
0-0: Called Strike 0-1: Ball 1-1: Foul Ball, location: 2F 1-2: Foul Ball, location: 2F 1-2: Fly out, F7 (Flyball, 7D, EV 95.0 MPH)
|
|
Batting: RHB Pat McCoy
|
0-0: Foul Ball, location: 2F 0-1: Ball 1-1: Ball 2-1: Ball 3-1: Called Strike 3-2: Strikes out swinging
|
|
Batting: LHB Chris Redhead
|
0-0: Foul Ball, location: 2F 0-1: Foul Ball, location: 2F 0-2: Foul Ball, location: 2F 0-2: Foul Ball, location: 2F 0-2: Ball 1-2: Foul Ball, location: 2F 1-2: Foul Ball, location: 2F 1-2: Ball 2-2: Fly out, F9 (Flyball, 9LS, EV 80.0 MPH)
|
| Bottom of the 6th over - 0 runs, 0 hits, 0 errors, 0 left on base; Trois-Riveres 3 - Columbus 1 |
| TOP OF THE 7TH |
|
Trois-Riveres Aigles batting - Pitching for Columbus Reds : RHP Matt Cronin
|
|
Batting: RHB Nelle Lommen
|
0-0: Called Strike 0-1: Fly out, F8 (Flyball, 8RD, EV 94.4 MPH)
|
|
Batting: RHB Jason Penfield
|
0-0: Swinging Strike 0-1: Swinging Strike 0-2: Ball 1-2: SINGLE (Groundball, 56S, EV 70.0 MPH) (infield hit)
|
|
Batting: LHB Jonathan Spino
|
0-0: Ball 1-0: Ball 2-0: Ball 3-0: Called Strike 3-1: Base on Balls Jason Penfield to second
|
|
Batting: RHB Jose Arriola
|
0-0: Called Strike 0-1: Ball 1-1: Foul Ball, location: 2F 1-2: Strikes out swinging
|
|
Batting: LHB Darryl Gonnella
|
0-0: Called Strike 0-1: Ball 1-1: Foul Ball, location: 2F 1-2: SINGLE (Groundball, 34D, EV 105.6 MPH) Jason Penfield to third Jonathan Spino to second Runner from 3rd tries for Home, SAFE, throw by RF to home
|
|
Batting: RHB Azedine Kirui
|
0-0: Called Strike 0-1: Ball 1-1: Fielders Choice at 2nd, U6 (Groundball, 6M, EV 101.3 MPH)
|
| Top of the 7th over - 1 run, 2 hits, 0 errors, 2 left on base; Trois-Riveres 4 - Columbus 1 |
| BOTTOM OF THE 7TH |
|
Columbus Reds batting - Pitching for Trois-Riveres Aigles : RHP Jaime Astacio
|
|
Batting: RHB Fred Barbour
|
0-0: Ball 1-0: Called Strike 1-1: Swinging Strike 1-2: SINGLE (Groundball, 34D, EV 98.1 MPH)
|
|
Batting: RHB Sang-ton Pak
|
0-0: Called Strike 0-1: Called Strike 0-2: Ball 1-2: Foul Ball, location: 2F 1-2: Ball 2-2: Ball 3-2: Foul Ball, location: 2F 3-2: Foul Ball, location: 2F 3-2: Base on Balls Fred Barbour to second
|
|
Pitching: LHP Jamie Houtman
|
|
|
Batting: LHB Tim Kirk
|
0-0: Fielders Choice at 2nd, 4-6 (Groundball, 4, EV 105.0 MPH) Fred Barbour to third
|
|
Batting: LHB Elijah Benton
|
0-0: Ball 1-0: Foul Ball, location: 2F 1-1: Foul Ball, location: 2F 1-2: Ball 2-2: Ball 3-2: Foul Ball, location: 2F 3-2: Ground out U3 (Groundball, 34S, EV 66.3 MPH) Tim Kirk to second
|
|
Pitching: LHP Tim Pulliam
|
|
|
Batting: RHB Nick Miller
|
0-0: Foul Ball, location: 2F 0-1: SINGLE (Groundball, 56S, EV 95.0 MPH) Fred Barbour scores Tim Kirk to third
|
|
Batting: RHB R.J. Romberg
|
0-0: Called Strike 0-1: Ball 1-1: Fly out, F4 (Popup, 4MD, EV 68.1 MPH)
|
| Bottom of the 7th over - 1 run, 2 hits, 0 errors, 2 left on base; Trois-Riveres 4 - Columbus 2 |
| TOP OF THE 8TH |
|
Trois-Riveres Aigles batting - Pitching for Columbus Reds : RHP Matt Cronin
|
|
Batting: RHB Sesto Carpini
|
0-0: Ball 1-0: Ball 2-0: Foul Ball, location: 2F 2-1: Fly out, F9 (Flyball, 9S, EV 86.3 MPH)
|
|
Batting: LHB Harris Vink
|
0-0: Called Strike 0-1: TRIPLE (Flyball, 78XD, EV 100.0 MPH)
|
|
Batting: SHB Joshua Jackson
|
0-0: Intentional Walk
|
|
Batting: RHB Nelle Lommen
|
0-0: Ball 1-0: Ball 2-0: Called Strike 2-1: Foul Ball, location: 2F 2-2: Strikes out swinging
|
|
Batting: RHB Jason Penfield
|
0-0: Ball 1-0: 3-RUN HOME RUN (Flyball, 78XD, EV 106.3 MPH), Distance : 435 ft
|
|
Pitching: RHP Brian Trejo
|
|
|
Batting: LHB Jonathan Spino
|
0-0: Ball 1-0: Ball 2-0: SINGLE (Line Drive, 78S, EV 94.4 MPH)
|
|
Batting: RHB Jose Arriola
|
0-0: Ball Jonathan Spino steals 2nd base 1-0: TRIPLE (Flyball, 89XD, EV 103.8 MPH) Jonathan Spino scores
|
|
Batting: LHB Darryl Gonnella
|
0-0: Swinging Strike 0-1: Ball 1-1: Called Strike 1-2: Ball 2-2: Foul Ball, location: 2F 2-2: Ball 3-2: Foul Ball, location: 2F 3-2: Strikes out looking
|
| Top of the 8th over - 4 runs, 4 hits, 0 errors, 1 left on base; Trois-Riveres 8 - Columbus 2 |
| BOTTOM OF THE 8TH |
|
Columbus Reds batting - Pitching for Trois-Riveres Aigles : LHP Tim Pulliam
|
|
Batting: LHB Keith Egan
|
0-0: Foul Ball, location: 2F 0-1: Ball 1-1: Ball 2-1: Ball 3-1: Base on Balls
|
|
Batting: RHB Pat McCoy
|
0-0: Called Strike 0-1: Ball 1-1: Ball 2-1: Fielders Choice at 2nd, 4-6 (Groundball, 34, EV 81.9 MPH)
|
|
Batting: LHB Chris Redhead
|
0-0: Ball 1-0: Ball 2-0: Ball 3-0: Called Strike 3-1: Base on Balls Pat McCoy to second
|
|
Batting: RHB Fred Barbour
|
0-0: Ball 1-0: Swinging Strike 1-1: Fly out, F6 (Flyball, 56D, EV 90.6 MPH)
|
|
Batting: RHB Sang-ton Pak
|
0-0: Called Strike 0-1: Fly out, F4 (Popup, 4MS, EV 64.4 MPH)
|
| Bottom of the 8th over - 0 runs, 0 hits, 0 errors, 2 left on base; Trois-Riveres 8 - Columbus 2 |
| TOP OF THE 9TH |
|
Trois-Riveres Aigles batting - Pitching for Columbus Reds : RHP Brian Trejo
|
|
Batting: RHB Azedine Kirui
|
0-0: DOUBLE (Line Drive, 9LS, EV 97.5 MPH)
|
|
Batting: RHB Sesto Carpini
|
0-0: Ball 1-0: Ball 2-0: Ball 3-0: Called Strike 3-1: Called Strike 3-2: Base on Balls
|
|
Batting: LHB Harris Vink
|
0-0: Called Strike 0-1: Foul Ball, location: 2F 0-2: Ball 1-2: Ball 2-2: Strikes out looking
|
|
Batting: SHB Joshua Jackson
|
0-0: Ball 1-0: Reached on error, E3 (Groundball, 13, EV 82.5 MPH) Azedine Kirui scores Sesto Carpini to third
|
|
Pinch Hitting: LHB Rocky Crowley
|
0-0: Fly out, F8 (Flyball, 8RXD, EV 85.0 MPH) Runner from 3rd tags up, SCORES, no throw by CF Joshua Jackson to third
|
|
Batting: RHB Jason Penfield
|
0-0: Ball 1-0: Ball 2-0: Ball 3-0: Base on Balls
|
|
Batting: LHB Jonathan Spino
|
0-0: Called Strike 0-1: Ball 1-1: SINGLE (Flyball, 4D, EV 95.0 MPH) Joshua Jackson scores Jason Penfield to second
|
|
Batting: RHB Jose Arriola
|
0-0: Called Strike 0-1: Ball 1-1: Fly out, F9 (Flyball, 9LD, EV 110.0 MPH)
|
| Top of the 9th over - 3 runs, 2 hits, 1 error, 2 left on base; Trois-Riveres 11 - Columbus 2 |
| BOTTOM OF THE 9TH |
|
Columbus Reds batting - Pitching for Trois-Riveres Aigles : LHP Tim Pulliam
|
|
Now at C: Bobby Ross
|
|
|
Batting: LHB Tim Kirk
|
0-0: Ball 1-0: Called Strike 1-1: SINGLE (Groundball, 34D, EV 96.9 MPH)
|
|
Batting: LHB Elijah Benton
|
0-0: Called Strike 0-1: Foul Ball, location: 2F 0-2: Ball 1-2: Ball 2-2: Ball 3-2: Fielders Choice at 2nd, 1-6 (Groundball, 13, EV 67.5 MPH)
|
|
Pitching: RHP Josh O'Neal
|
|
|
Batting: RHB Nick Miller
|
0-0: Swinging Strike 0-1: Foul Ball, location: 2F Balk! Elijah Benton to second 0-2: Ball 1-2: Foul Ball, location: 2F 1-2: Ball 2-2: Foul Ball, location: 2F 2-2: Strikes out swinging
|
|
Batting: RHB R.J. Romberg
|
0-0: Called Strike 0-1: Foul Ball, location: 2F 0-2: Ball 1-2: Ball 2-2: Foul Ball, location: 2F 2-2: Fly out, F9 (Flyball, 89S, EV 88.1 MPH)
|
| Bottom of the 9th over - 0 runs, 1 hit, 0 errors, 1 left on base; Trois-Riveres 11 - Columbus 2 |
|